AoeStats
← WihtoriKosola

Arena

510626921Analyzed
4v4 RM · 1d ago on Oct 1, 2026· 42m 34s· 8 players
Game mode
Random Map
Map size
Large (8 player)
Population
200
Speed
Normal
Resources
Standard
Victory
Conquest
Starting age
Dark Age
Ending age
Imperial Age
RankedLock teamsTeams togetherTeam positionsShared explorationLock speedFull tech treeHidden civsTurbo modeCheats
Victory
Defeat
🇺🇸 Varangians · United States
1253
+15
🇮🇹 Italians · Italy
1217
+17
🇫🇮 Turks · Finland
1200
+17
🇵🇰 Persians · Pakistan
1159
+19
🇩🇪 Bohemians · Germany
1307
-19
🇷🇴 Khitans · Romania
1304
-20
🇺🇸 Georgians · United States
1220
-17
1104
-12
Player2
11:00 Feudal Age
14:48 Castle Age
12:47 Double-Bit Axe
12:42 Horse Collar
17:31 Loom
17:37 Town Watch
17:53 Stone Mining
19:16 Padded Archer Armor
19:09 Fletching
19:47 Gold Mining
26:04 Imperial Age
24:51 Bodkin Arrow
25:54 Heavy Plow
26:07 Bow Saw
28:06 Bracer
28:52 Padded Archer Armor
29:57 Conscription
30:21 Ballistics
32:17 Leather Archer Armor
33:05 Chemistry
31:48 Treadmill Crane
32:18 Masonry
33:17 Elite Genoese Crossbowman
38:21 Wheelbarrow
41:47 Hand Cart
WihtoriKosola
11:15 Feudal Age
15:22 Castle Age
13:50 Double-Bit Axe
14:10 Horse Collar
14:41 Gold Mining
19:17 Gold Shaft Mining
19:21 Wheelbarrow
20:48 Bow Saw
24:24 Imperial Age
24:48 Wheelbarrow
25:31 Heavy Plow
34:50 Artillery
35:11 Conscription
35:43 Padded Archer Armor
41:41 Hand Cart
41:58 Leather Archer Armor
khamz
9:38 Feudal Age
14:15 Castle Age
12:57 Double-Bit Axe
13:48 Horse Collar
15:37 Town Watch
19:28 Heavy Plow
23:23 Bow Saw
23:51 Wheelbarrow
24:52 Hand Cart
26:03 Loom
26:32 Husbandry
26:43 Bloodlines
29:35 Imperial Age
27:07 Gold Mining
27:08 Stone Mining
27:25 Scale Barding Armor
27:31 Forging
28:46 Chain Barding Armor
29:26 Gold Shaft Mining
29:27 Stone Shaft Mining
29:39 Iron Casting
29:22 Cavalier
31:12 Two-Man Saw
32:16 Plate Barding Armor
32:58 Savar
34:52 Conscription
37:05 Blast Furnace
39:23 Guilds
39:14 Caravan
43:01 Coinage
Pwncakes
11:03 Feudal Age
12:27 Loom
15:55 Castle Age
14:14 Double-Bit Axe
14:46 Horse Collar
16:49 Heavy Plow
20:28 Bow Saw
23:18 Wheelbarrow
23:29 Wheelbarrow
22:47 Town Watch
23:10 Scale Barding Armor
23:27 Bloodlines
23:25 Husbandry
24:59 Hand Cart
25:11 Forging
26:19 Gold Mining
26:20 Stone Mining
27:07 Chain Barding Armor
31:37 Imperial Age
30:12 Stone Shaft Mining
30:36 Iron Casting
31:23 Vendel Legacy
31:45 Cavalier
33:09 Plate Barding Armor
33:56 Blast Furnace
33:40 Conscription
38:51 Elite Jarl
39:01 Elite Jarl
Atlan
10:19 Feudal Age
14:02 Castle Age
12:38 Double-Bit Axe
13:31 Horse Collar
20:19 Bow Saw
21:43 Wheelbarrow
22:49 Loom
23:55 Pikeman
24:36 Squires
24:23 Arson
24:48 Heavy Plow
26:31 Hand Cart
26:37 Forging
26:27 Scale Mail Armor
31:50 Imperial Age
30:00 Husbandry
30:32 Scale Barding Armor
31:35 Town Watch
35:32 Imperial Age
39:02 Imperial Age
MRP9NDA
9:57 Feudal Age
11:28 Loom
14:34 Castle Age
13:08 Double-Bit Axe
13:26 Domestication
17:41 Pastoralism
20:13 Bow Saw
20:15 Fletching
24:31 Gold Mining
25:21 Bodkin Arrow
31:30 Imperial Age
29:47 Wheelbarrow
29:34 Town Watch
30:29 Ballistics
31:54 Padded Archer Armor
32:25 Bracer
35:15 Leather Archer Armor
35:03 Husbandry
35:55 Parthian Tactics
34:51 Heavy Cavalry Archer
37:28 Chemistry
位技术水平平平但策略
12:47 Feudal Age
16:26 Castle Age
15:13 Double-Bit Axe
15:20 Gold Mining
15:50 Horse Collar
21:51 Imperial Age
20:33 Wheelbarrow
20:16 Padded Archer Armor
21:00 Stone Mining
21:59 Leather Archer Armor
25:21 Hand Cart
30:01 Heavy Plow
31:07 Elite Janissary
33:57 Conscription
36:07 Ring Archer Armor
NoStaks
10:01 Feudal Age
14:46 Castle Age
13:38 Double-Bit Axe
13:47 Horse Collar
16:10 Scale Barding Armor
16:56 Wheelbarrow
17:35 Heavy Plow
18:59 Bow Saw
23:59 Hand Cart
23:33 Loom
28:15 Imperial Age
26:37 Scale Barding Armor
26:42 Forging
26:29 Gold Mining
26:32 Stone Mining
26:49 Guard Tower
27:59 Chain Barding Armor
28:50 Iron Casting
28:09 Fletching
29:47 Plate Barding Armor
29:38 Town Watch
31:09 Keep
31:42 Chemistry
31:02 Ballistics
30:59 Svan Towers
32:36 Blast Furnace
31:34 Bodkin Arrow
31:45 Elite Monaspa
33:35 Town Patrol
34:31 Bracer
36:19 Conscription
37:05 Bloodlines
36:55 Husbandry
Connection lost

Rejoining the realm…

Still unreachable

The connection could not be restored.

Session expired

The server has moved on; the page needs a fresh start.